 Dungeon Crawl Stone Soup version 0.27.1-3-gb3d3a73c9e (webtiles) character file.

Game seed: 16238249535417543183

38 Descartes the Ducker (level 3, -1/15 HPs)
             Began as a Felid Transmuter on Oct 16, 2021.
             Killed from afar by an orc wizard (7 damage)
             ... with a puff of flame
             ... on level 2 of the Dungeon.
             The game lasted 00:02:59 (2246 turns).

Descartes the Ducker (Felid Transmuter)             Turns: 2246, Time: 00:03:00

Health: -1/15      AC:  1    Str:  7    XL:     3   Next: 25%
Magic:  7/7        EV: 18    Int: 14    God:
Gold:   23         SH:  0    Dex: 16    Spells: 5/6 levels left
                                        Lives:  0   Deaths: 0

rFire    . . .     SeeInvis +     - Unarmed
rCold    . . .     Faith    .   (shield unavailable)
rNeg     . . .     Spirit   .   (armour unavailable)
rPois    .         Reflect  .   (helmet unavailable)
rElec    .         Harm     .   (cloak unavailable)
rCorr    .         Rampage  .   (gloves unavailable)
Will     .....                  (boots unavailable)
Stlth    ++........             (no amulet)
HPRegen  0.05/turn              (no ring)
MPRegen  0.10/turn              (no ring)

@: appendages (expiring), quick
A: horns 2, very small, claws 1, fangs 3, see invisible, speed 1, shaggy fur 1,
stealthy paws, no weapons or thrown items, no armour, multi-lived
a: End Transformation


You were on level 2 of the Dungeon.
You had temporarily grown beastly horns.
You visited 1 branch of the dungeon, and saw 2 of its levels.

You collected 23 gold pieces.

Inventory:

Scrolls
 b - a scroll of enchant armour {unknown}
 c - a scroll of blinking {unknown}
 d - 2 scrolls of identify {unknown}
 e - a scroll of immolation {unknown}
 f - a scroll of fog {unknown}
 g - a scroll of noise {unknown}
Potions
 a - a potion of cancellation {unknown}


   Skills:
 + Level 1.6 Fighting
 + Level 3.3 Dodging
 + Level 1.3 Stealth
 + Level 3.2 Unarmed Combat
 + Level 2.3 Spellcasting
 + Level 2.4 Transmutations


You had 5 spell levels left.
You knew the following spells:

 Your Spells              Type           Power      Damage    Failure   Level
a - Beastly Appendage     Tmut           16%        N/A       9%          1

Your spell library contained the following spells:

 Spells                   Type           Power      Damage    Failure   Level
 Wereblood                Tmut           8%         N/A       13%         2
 Spider Form              Tmut/Pois      2%         N/A       38%         3
 Ice Form                 Ice/Tmut       5%         N/A       80%         4


Dungeon Overview and Level Annotations

Branches:
Dungeon (2/15)

Altars:


Innate Abilities, Weirdness & Mutations

You have temporarily grown beastly horns.
You have sharp claws.
You have razor-sharp teeth.
You have supernaturally acute eyesight. (SInv)
You cover ground quickly. (Speed+)
You are covered in fur. (AC +1)
Your paws help you pounce on unaware monsters.
You are incapable of wielding weapons or throwing items.
You cannot wear armour.
You gain extra lives every three experience levels.


Message History

HP restored.
Done exploring.
Casting: Beastly Appendage (safe; 9% risk of failure)
Confirm with . or Enter, or press ? or * to list all spells.
You grow a pair of large bovine horns.
You climb downwards.
There is a stone staircase leading up here.
You scratch the orc wizard.
The orc wizard is lightly wounded.
The orc wizard points at you and mumbles some strange words.
You resist with some effort.
You closely miss the orc wizard.
The orc wizard is lightly wounded.
The orc wizard closely misses you.
You barely miss the orc wizard.
The orc wizard is lightly wounded.
The orc wizard hits you with a +0 dagger.
You barely miss the orc wizard.
The orc wizard is lightly wounded.
The orc wizard hits you with a +0 dagger.
You scratch the orc wizard but do no damage.
The orc wizard is lightly wounded.
You barely miss the orc wizard.
You headbutt the orc wizard, but do no damage.
The orc wizard is lightly wounded.
Your transformation is almost over.
The orc wizard hits you with a +0 dagger.
You are too injured to fight recklessly!
You are too injured to fight recklessly!
You are too injured to fight recklessly!
You are too injured to fight recklessly!
You scratch the orc wizard.
The orc wizard is heavily wounded.
The orc wizard completely misses you.
You barely miss the orc wizard. You claw the orc wizard.
Your bite misses the orc wizard.
The orc wizard is heavily wounded.
The orc wizard casts a spell at you. The puff of flame hits you!
You die...

#. ##...# #.#.######.#≈≈ ..
#.##.# #...≈≈≈≈≈#.### .#####
##.##.# #.#..≈≈≈≈#...# . #.#
##.#.#.### #.#..≈≈≈≈#.##.
#.###.###.###.<..# #o#...≈≈≈#####
#........## ##...# #.#.#..≈≈≈≈≈≈#
###.#.###.###....###.#.##...≈≈≈≈≈
#........#.......#.#.####..)...
#.#.........<.@o...#.# #######
#.###...##.......###.# # #
#.#.####...### #. # #.#.# #...# #
#.#.# #.#...... .
.#..####.######. #
###..)>....[.... #..############
.....#


You could see an orc wizard.

Vanquished Creatures
  2 orcs (D:2)
  3 ball pythons (D:1)
  2 endoplasms (D:1)
  2 giant cockroaches (D:1)
  3 goblins (D:1)
  5 hobgoblins
  3 quokkas
  3 bats
  A frilled lizard (D:1)
  3 kobolds
  6 rats
33 creatures vanquished.

Notes
Turn   | Place    | Note
-------+----------+-------------------------------------------
     0 | D:1      | Descartes the Felid Transmuter began the quest for the Orb.
     0 | D:1      | Reached XP level 1. HP: 9/9 MP: 4/4
     4 | D:1      | You fall into a shaft and drop 1 floor!
   476 | D:1      | Reached XP level 2. HP: 12/12 MP: 4/6
   955 | D:1      | Reached skill level 1 in Stealth
  1114 | D:1      | Found a faded altar of an unknown god.
  1450 | D:1      | Reached XP level 3. HP: 15/15 MP: 5/7
  2246 | D:2      | Killed from afar by an orc wizard

Illustrated notes

Levels and vault maps discovered:
D:1:      minmay_arrival_loop, layout_basic,
          dreamdust_ecumenical_altar_angels_and_demons
D:2:      minmay_evil_eye, layout_loops_ring, grunt_decor_junction

Skill      XL: |  1  2 |
---------------+-------+-----
Dodging        | 3 |  3.3
Stealth        | 1 |  1.3
Fighting       | |  1.6
Unarmed Combat | |  3.2
Spellcasting   | |  2.3
Transmutations | |  2.4

Action                   || total
-------------------------++-------
Melee: Unarmed           ||    87
       Headbutt          ||    10
       Bite              ||     7
       Punch             ||     2
 Cast: Beastly Appendage ||    23
 Stab: Sleeping          ||     4
Armor: Skin              ||     3
Dodge: Dodged            ||    55
